 Dungeon Crawl Stone Soup version 0.17-a0-1617-gfba1302 (webtiles) character file.

245 abixa the Chopper (level 5, -9/48 HPs)
             Began as a Minotaur Berserker on Aug 1, 2015.
             Was a Believer of Trog.
             Killed from afar by Dowan (15 damage)
             ... with a shard of ice
             ... on level 3 of the Dungeon.
             The game lasted 00:05:31 (2129 turns).

abixa the Chopper (Minotaur Berserker)              Turns: 2129, Time: 00:05:32

Health: -9/48      AC:  9    Str: 22    XL:     5   Next: 84%
Magic:  4/4        EV: 15    Int:  4    God:    Trog [**....]
Gold:   125        SH:  0    Dex: 10    Spells: 0 memorised, 4 levels left

rFire  . . .     SeeInvis .     a - +0 hand axe
rCold  + . .     Clarity  .     h - +1 ring mail {rC+}
rNeg   . . .     SustAt   +     (no shield)
rPois  .         Gourm    .     (helmet restricted)
rElec  .         Spirit   .     t - +2 cloak
rCorr  .         Warding  .     (no gloves)
rMut   .         Stasis   .     (no boots)
MR     .....                    k - amulet of inaccuracy (curse)
Stlth  ..........               B - +4 ring of evasion
                                C - ring of sustain attributes

@: not resistant to hostile enchantments, extremely unstealthy
A: retaliatory headbutt, horns 2
a: Burn Spellbooks, Berserk, Trog's Hand, Renounce Religion


You were on level 3 of the Dungeon.
You worshipped Trog.
Trog was pleased with you.
You were not hungry.

You visited 1 branch of the dungeon, and saw 4 of its levels.

You collected 125 gold pieces.

Inventory:

Hand weapons
 a - a +0 hand axe (weapon)
 b - a +0 blowgun
 s - a +0 spear
Missiles
 g - 112 stones (quivered)
 m - 58 poisoned needles
 o - 44 bolts
 u - 5 tomahawks
 z - 48 arrows
Armour
 h - a +1 ring mail of cold resistance (worn)
 t - a +2 cloak (worn)
Jewellery
 k - a cursed amulet of inaccuracy (around neck)
 B - a +4 ring of evasion (right hand)
 C - a ring of sustain attributes (left hand)
Scrolls
 d - 2 scrolls of random uselessness {unknown}
 e - 10 scrolls of identify {unknown}
 i - a scroll of amnesia {unknown}
 l - a scroll of blinking {unknown}
 n - 3 scrolls of remove curse {unknown}
 p - a scroll of fear {unknown}
 v - a scroll of teleportation {unknown}
 y - 3 scrolls of magic mapping {unknown}
Potions
 f - a potion of cure mutation {unknown}
 j - 3 potions of curing {unknown}
 q - a potion of berserk rage {unknown}
 r - a potion of brilliance {unknown}
 A - a potion of mutation {unknown}
Comestibles
 c - 3 bread rations
 w - a meat ration
 x - a beef jerky
 D - 2 chunks of flesh


   Skills:
 + Level 5.2 Fighting
 + Level 7.0 Axes
 + Level 2.4 Armour
 - Level 2.1 Dodging


You had 4 spell levels left.
You didn't know any spells.

Dungeon Overview and Level Annotations

Branches:
Dungeon (4/15)
 Temple: D:4-7

Altars:
Kikubaaqudgha
Makhleb
Nemelex Xobeh

Annotations:
D:3 Dowan


Innate Abilities, Weirdness & Mutations

You reflexively headbutt those who attack you in melee.
You have a pair of horns on your head.


Message History

You closely miss Dowan.
Dowan is moderately wounded.
Dowan hits you but does no damage. Dowan barely misses you.
You miss Dowan. Your headbutt misses Dowan.
Dowan is moderately wounded.
Dowan points at you and mumbles some strange words.
The stone arrow hits you!
You barely miss Dowan. Your headbutt misses Dowan.
Dowan is moderately wounded.
Dowan casts a spell at you. The shard of ice hits you! You partially resist.
* * * LOW HITPOINT WARNING * * *
Dowan barely misses you. Dowan hits you with a dagger.
* * * LOW HITPOINT WARNING * * *
You climb upwards.
There is a stone staircase leading down here.
Dowan casts a spell at you. The shard of ice hits you! You partially resist.
You die...

##########...........# #.....
#........'...........# #.....
#.....####...........# #.....
#.....# #...........# #.....
####'## #.####......####.....
######.### #.#..'........).)....
#........# #.#e##......####.....
#.####.#.# #.#>..........##.....
#.# #.#.# #.#@#########.##.....
#.####'#.###'#.# #.##.....
#.##...........# #######.......#
#.##...........# #.............#
#..'...........# #......#......#
####...........###......#......#
#####+###.....+......#......#
#.#####.###......#......#
#.#.......##'#######....#


You could see Dowan.

Vanquished Creatures
  Duvessa (D:4)
  A hound (D:2)
  A worker ant (D:4)
  An adder (D:2)
  5 worms
  A giant gecko (D:3)
  9 orcs (D:3)
  5 goblins
  4 hobgoblins
  7 kobolds
  3 quokkas
  2 ball pythons
  9 bats
  3 giant cockroaches
  3 giant newts
  A rat (D:3)
56 creatures vanquished.

Notes
Turn   | Place    | Note
--------------------------------------------------------------
     0 | D:1      | abixa the Minotaur Berserker began the quest for the Orb.
     0 | D:1      | Reached XP level 1. HP: 19/19 MP: 0/0
   322 | D:1      | Reached skill level 4 in Axes
   466 | D:1      | Reached XP level 2. HP: 23/26 MP: 1/1
   816 | D:2      | Reached skill level 5 in Axes
   899 | D:2      | Found a burning altar of Makhleb.
   902 | D:2      | Reached XP level 3. HP: 31/31 MP: 2/2
  1101 | D:2      | Acquired Trog's second power
  1101 | D:2      | Reached XP level 4. HP: 27/39 MP: 3/3
  1139 | D:2      | Reached skill level 6 in Axes
  1261 | D:3      | Found a sparkling altar of Nemelex Xobeh.
  1902 | D:3      | Found an ancient bone altar of Kikubaaqudgha.
  2065 | D:4      | Noticed Duvessa
  2073 | D:4      | Reached XP level 5. HP: 44/47 MP: 4/4
  2103 | D:4      | Killed Duvessa
  2103 | D:4      | Reached skill level 5 in Fighting
  2103 | D:4      | Reached skill level 7 in Axes
  2108 | D:4      | Noticed Dowan
  2129 | D:3      | Killed from afar by Dowan

Vault maps used:
D:1:      lightli_arrival_chessboard, hex_medium, serial_bayou_pond_b,
          serial_park_tiny_1
D:2:      makhleb_blood_cavern_becter
D:3:      kiku_gazebo_garden_becter, old_standard_altar, first_bread,
          minivault_19
D:4:      uniq_duvessa, uniq_natasha

Action                   |  1- 3 |  4- 6 || total
-------------------------+-------+-------++-------
Melee: Hand axe          |    61 |   116 ||   177
 Fire: Blowgun           |       |     5 ||     5
  Eat: Chunk             |       |     4 ||     4
